cohdb
Replays
Latest Replays
All Replays
Popular Replays
Top Player Replays
Match Explorer
How It Works
Community
CoH3 Stats
Reddit
Sign in to upload your games and track your stats! →
Sign in with Steam
Match 41714235
Unlisted
Match 41714235
Overview
Messages
Build Orders
End
Selects Terror Battlegroup
Construct Infanterie Kompanie
Pioneer Squad
Grenadier Squad
Grenadier Squad
MG 42 Machine Gun Team
MG 42 Machine Gun Team
Selects Machine Gun Camouflage
Construct Luftwaffe Kompanie
Medical Bunker
Flak 30 Anti-aircraft Gun Team
Selects Interrogate
Jäger Squad
Jäger Squad
Luftwaffe Officer Quarters
Support Elements
Wirbelwind Flakpanzer
Marder III M Tank Destroyer
Selects No Quarter
Marder III M Tank Destroyer
Construct Panzergrenadier Kompanie
Nashorn101
Hurricane
W
ManOfWar
0
0
Comments
sign in to comment!
No comments posted yet!